 Dungeon Crawl Stone Soup version 0.26-a0-812-g31a745ddcd (webtiles) character file.

Game seed: 18134763025300036719

224 nicanaca0 the Conjurer (level 5, -1/38 HPs)
             Began as a Draconian Conjurer on Nov 23, 2020.
             Killed by divine providence
             ... invoked by an orc priest
              (16 damage)
             ... on level 3 of the Dungeon.
             The game lasted 00:04:15 (3200 turns).

nicanaca0 the Conjurer (Draconian Conjurer)         Turns: 3200, Time: 00:04:16

Health: -1/38      AC:  5    Str:  9    XL:     5   Next: 67%
Magic:  1/10       EV: 12    Int: 20    God:
Gold:   172        SH:  5    Dex:  9    Spells: 5/11 levels left

rFire    . . .     SeeInvis .   m - +0 dagger
rCold    . . .     Faith    .   (no shield)
rNeg     . . .     Spirit   .   (armour unavailable)
rPois    .         Reflect  +   (helmet restricted)
rElec    .         Harm     .   (no cloak)
rCorr    .         Rampage  .   (no gloves)
MR       .....                  (no boots)
Stlth    ++........             k - amulet of reflection
HPRegen  0.12/turn              (no ring)
MPRegen  0.12/turn              (no ring)

@: no status effects
A: unfitting armour, cold-blooded, AC +5
a: no special abilities


You were on level 3 of the Dungeon.
You visited 1 branch of the dungeon, and saw 3 of its levels.

You collected 172 gold pieces.

Inventory:

Hand Weapons
 d - a +0 hunting sling
 m - a +0 dagger (weapon)
Missiles
 e - 47 stones (quivered)
 l - 18 poisoned darts
Jewellery
 k - an amulet of reflection (around neck)
Scrolls
 a - a scroll of blinking
 c - 2 scrolls of remove curse {@r2}
 f - a scroll of amnesia {unknown}
 g - 2 scrolls of identify {unknown}
 h - a scroll of noise {unknown}
 i - a scroll of random uselessness {unknown}
 j - 5 scrolls of teleportation {unknown}
 n - a scroll of fear {unknown}
 o - a scroll of immolation {unknown}
Potions
 b - a potion of flight {unknown}
 p - a potion of curing {@q1}
 q - a potion of haste {unknown}


   Skills:
 - Level 1.7 Dodging
 - Level 1.7 Stealth
 + Level 3.5 Spellcasting
 * Level 6.2 Conjurations


You had 5 spell levels left.
You knew the following spells:

 Your Spells              Type           Power        Failure   Level
a - Magic Dart            Conj           ####         1%          1
b - Searing Ray           Conj           ####..       1%          2
c - Dazzling Flash        Conj/Hex       ###...       12%         3

Your spell library contained the following spells:

 Spells                   Type           Power        Failure   Level
 Fulminant Prism          Conj/Hex       ###.......   36%         4
 Iskenderun's Mystic Bla  Conj/Tloc      ###.....     36%         4


Dungeon Overview and Level Annotations

Branches:
Dungeon (3/15)

Altars:
Fedhas
Nemelex Xobeh
Okawaru
Qazlal


Innate Abilities, Weirdness & Mutations

Your plain brown scales are hard. (AC +5)
You cannot fit into any form of body armour.
You are cold-blooded and may be slowed by cold attacks.


Message History

The orc hits you with a cursed -2 flail.
The orc priest hits you with a cursed -2 club.
Casting: Magic Dart (safe; 1% risk of failure)
Confirm with . or Enter, or press ? or * to list all spells.
You don't have enough magic to cast that spell.
You hit the orc priest but do no damage.
Your tail-slap misses the orc priest.
The orc priest is severely wounded.
The orc barely misses you.
The orc priest mumbles some strange prayers to Beogh against you.
Pain shoots through your body!
Casting: Magic Dart (safe; 1% risk of failure)
Confirm with . or Enter, or press ? or * to list all spells.
You don't have enough magic to cast that spell.
You barely miss the orc priest.
The orc priest is severely wounded.
The orc closely misses you.
The orc priest calls down the wrath of Beogh upon you.
Beogh smites you!
You die...

........# o.. ......#.#
o. ......#.# r#
......#.# ##o#
......#.# #..#
..##'##.# ######.#
..##.##.# #......#
..##.##.#
#.###o########
..##.##.# #.#
#o@....... .....#<.#
#.###########. #.####
#...........#
#.##################.##
#.............# #.#
#############.# #.# #.#
#.# #.# #.# #.######.#


You could see an orc priest and an orc.

Vanquished Creatures
  An orc priest (D:3)
  A hound (D:3)
  Natasha (D:2)
  A worker ant (D:2)
  4 adders
  An ooze (D:3)
  A worm (D:3)
  3 dart slugs (D:1)
  A leopard gecko (D:2)
  2 orcs (D:3)
  A ball python (D:2)
  A bat zombie (D:2)
  2 giant cockroaches (D:2)
  9 goblins
  6 hobgoblins
  8 jackals
  3 kobolds (D:3)
  6 bats
  5 frilled lizards
  A leopard gecko zombie (D:2)
  12 rats
70 creatures vanquished.

Vanquished Creatures (others)
  A fungus (D:2)
  3 plants (D:2)
  5 withered plants (D:2)
9 creatures vanquished.

Grand Total: 79 creatures vanquished

Notes
Turn   | Place    | Note
-------+----------+-------------------------------------------
     0 | D:1      | nicanaca0 the Draconian Conjurer began the quest for the
                  | Orb.
     0 | D:1      | Reached XP level 1. HP: 14/14 MP: 3/3
   179 | D:1      | Reached XP level 2. HP: 18/20 MP: 0/5
  1010 | D:2      | Reached XP level 3. HP: 26/26 MP: 1/6
  1018 | D:1      | Learned a level 2 spell: Searing Ray
  1157 | D:2      | Found a blossoming altar of Fedhas.
  1164 | D:2      | Found a stormy altar of Qazlal.
  1425 | D:2      | Found an iron altar of Okawaru.
  1520 | D:2      | Reached skill level 5 in Conjurations
  1620 | D:2      | Reached XP level 4. HP: 8/33 MP: 0/8
  2074 | D:2      | Noticed Natasha
  2088 | D:2      | Killed Natasha
  2201 | D:2      | Learned a level 3 spell: Dazzling Flash
  2574 | D:3      | Reached XP level 5. HP: 38/38 MP: 2/9
  2683 | D:3      | Found a sparkling altar of Nemelex Xobeh.
  3040 | D:3      | Reached skill level 6 in Conjurations
  3200 | D:3      | Killed from afar by an orc priest

Illustrated notes

Levels and vault maps discovered:
D:1:      dpeg_arrival_shelter, layout_basic
D:2:      layout_loops_ring, grunt_temple_overflow_forces_of_nature,
          lemuel_coloured_pillars_altar, serial_undead, serial_undead_d,
          serial_undead_b, serial_undead_f, serial_undead_d,
          minmay_pentomino_p2, uniq_natasha
D:3:      layout_basic, minmay_crystal_room, nemelex_dance_club_becter

Skill      XL: |  1  2  3  4  5 |
---------------+----------------+-----
Conjurations   | 5 6 |  6.2
Spellcasting   | 3 |  3.5
Dodging        | |  1.7
Stealth        | |  1.7

Action                   |  1- 3 |  4- 6 || total
-------------------------+-------+-------++-------
Melee: Unarmed           |     6 |       ||     6
       Tailslap          |     5 |     1 ||     6
       Dagger            |     8 |    14 ||    22
 Cast: Magic Dart        |    69 |    60 ||   129
       Searing Ray       |     1 |     5 ||     6
  Use: Scroll            |     3 |       ||     3
       Potion            |     3 |       ||     3
Armor: Skin              |    10 |    13 ||    23
Dodge: Dodged            |    20 |    19 ||    39
Block: Other             |       |     4 ||     4

Table legend: (Time is in decaauts)
 A = Elapsed time spent in this place.
 B = Non-inter-level travel time spent in this place.
 C = Inter-level travel time spent in this place.
 D = Time resting spent in this place.
 E = Time spent auto-exploring this place.
 F = Levels seen in this place.
 G = Mean time per level.
                   A        B        C        D        E       F      G
               +--------+--------+--------+--------+--------+-----+--------+
         Total |   3199 |   3156 |     43 |    725 |   2079 |   3 | 1066.3 |
       Dungeon |   3199 |   3156 |     43 |    725 |   2079 |   3 | 1066.3 |
               +--------+--------+--------+--------+--------+-----+--------+

Top non-repeatable levels by time:
     D:2: 1528 daAuts
     D:1: 1009 daAuts
     D:3: 662 daAuts
